 Dungeon Crawl Stone Soup version 0.31.0-9-g3a7656b989 (webtiles) character file.

Game seed: 7328720794507566298

40 qw the Shooter (level 3, -7/29 HPs)
             Began as a Demigod Hunter on Feb 2, 2024.
             Killed by nerve-wracking pain
             ... invoked by an orc priest
              (10 damage)
             ... on level 4 of the Dungeon.
             The game lasted 00:00:03 (934 turns).

qw the Shooter (Demigod Hunter)                      Turns: 934, Time: 00:00:03

Health: -7/29      AC:  3    Str: 12    XL:     3   Next: 14%
Magic:  5/5        EV: 12    Int: 11    God:
Gold:   75         SH:  0    Dex: 21    Spells: 2/2 levels left

rFire   . . .        a - +0 shortbow
rCold   . . .        (shield currently unavailable)
rNeg    . . .        c - +0 leather armour
rPois   .            (no helmet)
rElec   .            (no cloak)
rCorr   .            (no gloves)
SInv    .            (no boots)
Will    .....        (no amulet)
Stlth   ++           (no ring)
HPRegen 0.24/turn    (no ring)
MPRegen 0.09/turn

%: no passive effects
@: no status effects
A: high MP 1, forlorn, divine attributes
a: no special abilities


You were on level 4 of the Dungeon.
You visited 1 branch of the dungeon, and saw 3 of its levels.

You collected 75 gold pieces.


Innate Abilities, Weirdness & Mutations

You have an increased reservoir of magic. (+10% MP)
You shall have no god before yourself.
Your divine heritage dramatically boosts your attributes as you level up.


   Skills:
 - Level 2.0 Fighting
 + Level 4.5 Ranged Weapons
 - Level 2.0 Dodging
 - Level 0.8 Stealth


You had 2 spell levels left.
You didn't know any spells.
Your spell library was empty.

Inventory:

Hand Weapons
 a - a +0 shortbow (weapon)
Armour
 b - a +0 ring mail
 c - a +0 leather armour (worn)
Jewellery
 f - a ring of fire
Potions
 d - 2 potions of curing
 e - a potion of mutation {unknown}
 g - a potion of heal wounds {unknown}

Dungeon Overview and Level Annotations

Branches:
Dungeon (4/15)
 Temple: D:4-7


Message History

The arrow completely misses the frilled lizard.
You shoot an arrow.
The arrow hits the frilled lizard but does no damage.
The frilled lizard barely misses you.
You shoot an arrow. The arrow hits the frilled lizard!
You kill the frilled lizard!
Your Dodging skill increases to level 2!
Found a short sword.
You see here a frilled lizard corpse.
Found a scroll labelled NUUXUHUTOE.
You see here a staff of cold.
You now have 53 gold pieces (gained 10).
b - a +0 ring mail A malevolent force fills the Dungeon...
You fall into a shaft and drop 2 floors!
The shaft crumbles and collapses.
Found a scroll of immolation and 7 stones.
Found an escape hatch in the ceiling.
Waypoint 2 assigned to D:4.
You now have 64 gold pieces (gained 11).
You now have 75 gold pieces (gained 11).
d - 2 potions of curing (gained 1)
You open the door.
A kobold, an orc and 3 orc priests come into view.
The orc shouts!
The orc priest shouts!
The kobold shouts!
The orc priest shouts!
You shoot an arrow. The arrow closely misses the kobold.
The orc priest shouts!
The arrow hits the orc priest.
The orc priest is heavily wounded.
The orc priest calls down the wrath of Beogh upon you.
Beogh smites you! The kobold closely misses you.
You shoot an arrow. The arrow hits the kobold.
You kill the kobold!
You shoot an arrow. The arrow hits the orc priest!
The orc priest is almost dead.
The orc priest mumbles some strange prayers to Beogh against you.
Beogh smites you!
The orc priest calls down the wrath of Beogh upon you.
Pain shoots through your body!
You die...

##. ## ....# #.
.....o##### #.
b.b.ooo@..# #.
......###.#######
####. .....
#.......####..<.
####
#######.........
#####..... ##....
#.... #.... #....


You could see 3 orc priests and an orc.

Vanquished Creatures
  A gnoll (D:1)
  2 dart slugs (D:1)
  4 bats (D:1)
  2 endoplasms (D:1)
  3 giant cockroaches (D:1)
  A hobgoblin (D:1)
  A quokka (D:1)
  A ball python (D:2)
  8 frilled lizards
  2 kobolds
  2 rats (D:1)
27 creatures vanquished.

Notes
Turn   | Place    | Note
-------+----------+-------------------------------------------
     0 | D:1      | qw the Demigod Hunter began the quest for the Orb.
     0 | D:1      | Reached XP level 1. HP: 17/17 MP: 3/3
     0 | D:1      | 0 ||| qw: Version: 0.3-a-155-g5e7d8dd
     0 | D:1      | 0 ||| qw: Game counter: 299
     0 | D:1      | 0 ||| qw: Melee chars always use a shield: true
     0 | D:1      | 0 ||| qw: God list: Okawaru
     0 | D:1      | 0 ||| qw: Allow faded altars: false
     0 | D:1      | 0 ||| qw: Do Orc after clearing Dungeon:15 true
     0 | D:1      | 0 ||| qw: Do second Lair branch before Depths: true
     0 | D:1      | 0 ||| qw: Lair rune preference: random
     0 | D:1      | 0 ||| qw: Goals: Normal
     0 | D:1      | 0 ||| PLANNING D:1-11
    77 | D:1      | Reached skill level 4 in Ranged Weapons
    77 | D:1      | Reached XP level 2. HP: 20/24 MP: 4/4
   541 | D:1      | Reached XP level 3. HP: 29/29 MP: 5/5
   843 | D:1      | 843 ||| READING scroll labelled VASTRI XOXO.
   844 | D:1      | 844 ||| READING scroll labelled TUNAYN OXTUWK.
   845 | D:1      | 845 ||| READING 3 scrolls labelled YRCHOU QAITTYCA.
   846 | D:1      | 846 ||| READING scroll labelled BICVIN MAMEID.
   850 | D:1      | 850 ||| DRINKING 2 fuming cyan potions.
   851 | D:1      | 851 ||| DROPPING scroll of butterflies.
   852 | D:1      | 852 ||| DROPPING 2 scrolls of immolation.
   905 | D:2      | You fall into a shaft and drop 2 floors!
   934 | D:4      | HP: 3/29 [orc priest/divine providence (13)]
   934 | D:4      | Killed from afar by an orc priest

Levels and vault maps discovered:
D:1:      evilmike_arrival_fibonacci_small, layout_basic,
          hellmonk_ecumenical_altar_defaced_shrine, minmay_lizard_king
D:2:      layout_loops_ring, serial_undead, serial_undead_f, serial_undead_f,
          serial_undead_a, serial_undead_d, serial_undead_b, serial_undead_f,
          amcnicky_mini_corridor_feature
D:4:      layout_basic, grunt_temple_overflow_order_and_chaos_2,
          lemuel_doored_altar, xom_butterflies, uniq_pikel, uniq_ijyb,
          uniq_blork_the_orc

Skill      XL: |  1  2  3 |
---------------+----------+-----
Ranged Weapons | 4 |  4.5
Fighting       | 2 |  2.0
Dodging        | 2 |  2.0
Stealth        | |  0.8

Action                     || total
---------------------------++-------
   Fire: Shortbow          ||    93
    Use: Scroll            ||     4
         Potion            ||     1
 Armour: Leather armour    ||    29
  Dodge: Dodged            ||    32

Table legend:
 A = Non-vault XP
 B = Vault XP
 C = Vault XP percentage of total XP
 D = Non-vault monster count
 E = Vault monster count
 F = Vault count percentage of total count
                 A         B        C        D         E       F
            +---------+---------+-------+---------+---------+-------
      Total |      48 |      10 |  17.2 |      20 |       7 |  25.9
            +---------+---------+-------+---------+---------+-------
        D:1 |      44 |      10 |  18.5 |      17 |       7 |  29.2
        D:2 |       2 |       0 |   0.0 |       2 |       0 |   0.0
        D:4 |       2 |       0 |   0.0 |       1 |       0 |   0.0
            +---------+---------+-------+---------+---------+-------
